 Dungeon Crawl Stone Soup version 0.29.1-12-g30fa7ad0bf (webtiles) character file.

Game seed: 3032403932361180568

94 Gabide the Trooper (level 4, 0/38 HPs)
             Began as a Formicid Berserker on Dec 17, 2022.
             Was a Believer of Trog.
             Slain by Robin
             ... wielding a +1 whip of venom
              (4 damage)
             ... on level 3 of the Dungeon.
             The game lasted 00:02:59 (2880 turns).

Gabide the Trooper (Formicid Berserker)             Turns: 2880, Time: 00:03:00

Health: 0/38       AC:  6    Str: 23    XL:     4   Next: 94%
Magic:  4/4        EV: 12    Int:  7    God:    Trog [**....]
Gold:   108        SH:  0    Dex: 13    Spells: 3/3 levels left

rFire   . . .      SeeInvis +   m - +0 flail
rCold   . . .      Faith    .   (no shield)
rNeg    . . .      Spirit   .   l - +0 leather armour
rPois   .          Reflect  .   (helmet unavailable)
rElec   .          Harm     .   f - scarf {repulsion}
rCorr   .          Rampage  .   j - +2 pair of gloves
Will    .....                   (no boots)
Stlth   +.........              (no amulet)
HPRegen 0.12/turn               (no ring)
MPRegen 0.09/turn               (no ring)

@: lethally poisoned (0 -> -7), repel missiles
A: permanent stasis, dig shafts and tunnels, antennae 3, four strong arms
a: Dig, Shaft Self, Renounce Religion, Trog's Hand


You were on level 3 of the Dungeon.
You worshipped Trog.
Trog was pleased with you.
You visited 1 branch of the dungeon, and saw 3 of its levels.

You collected 108 gold pieces.

Inventory:

Hand Weapons
 m - a +0 flail (weapon)
Missiles
 o - 3 boomerangs
Armour
 f - a scarf of repulsion (worn)
 j - a +2 pair of gloves (worn)
 l - a +0 leather armour (worn)
Jewellery
 a - a ring of flight
 n - an amulet of reflection
Scrolls
 b - 3 scrolls of fear {unknown}
 c - 3 scrolls of enchant weapon {unknown}
 d - 4 scrolls of identify {unknown}
 k - 4 scrolls of teleportation {unknown}
Potions
 e - a potion of degeneration {unknown}
 g - a potion of ambrosia {unknown}
 h - 3 potions of curing
 i - 3 potions of resistance {unknown}


   Skills:
 * Level 4.4 Fighting
 * Level 4.0 Maces & Flails
 - Level 2.1 Armour
 + Level 2.4 Dodging


You had 3 spell levels left.
You didn't know any spells.
Your spell library was empty.

Dungeon Overview and Level Annotations

Branches:
Dungeon (3/15)

Altars:

Shops:
D:1 *

Annotations:
D:3 Robin


Innate Abilities, Weirdness & Mutations

You cannot be hasted, slowed, berserked, paralysed or teleported.
You can dig through walls and to a lower floor.
You have a pair of large antennae on your head. (SInv)
Your four strong arms can wield two-handed weapons with a shield.


Message History

You barely miss the hobgoblin.
Robin points. "Kill!"
The hobgoblin closely misses you.
You hit the hobgoblin but do no damage. The hobgoblin closely misses you.
You hit the hobgoblin.
The hobgoblin is moderately wounded.
The hobgoblin hits you but does no damage.
The hobgoblin closely misses you.
You hit the hobgoblin.
You kill the hobgoblin!
Trog accepts your kill. The bat hits you but does no damage. x2
You barely miss the bat. The bat closely misses you. The bat misses you.
You hit Robin but do no damage. Robin hits you with a +1 whip of venom.
You are poisoned.
You hit Robin but do no damage.
You feel very sick. Robin hits you with a +1 whip of venom.
You are more poisoned.
You hit Robin but do no damage.
You feel very sick. Robin hits you but does no damage.
You are lethally poisoned!
Robin completely misses you.
You hit Robin.
Robin is moderately wounded.
* * * LOW HITPOINT WARNING * * *
You feel very sick. Robin hits you with a +1 whip of venom.
* * * LOW HITPOINT WARNING * * *
It was a potion of curing.
You feel better. Robin hits you but does no damage.
You are poisoned.
You hit Robin.
Robin is severely wounded.
* * * LOW HITPOINT WARNING * * *
You feel very sick.
The orc wizard hits you with a +0 dagger.
* * * LOW HITPOINT WARNING * * *
Robin hits you with a +1 whip of venom.
You die...

#.# #)# #)# .#. ##)## ...
#####<..## #.. #..).....# #..
#.###.b..# #.. #.# ##g#.# #..
#.# #@#.## #..######.# #.o..#
# #.........# #.....#.
#...####### ##...#.#
###...############.##.#
.................#.##.#
....#.#.###.####.#.##.#
###.#.....#.#......##.#######
#.#.###.#.#.##............#


You could see Robin, an orc wizard and a bat.

Vanquished Creatures
  An orc priest (D:1)
  An adder (D:3)
  10 orcs
  5 ball pythons
  An endoplasm (D:2)
  11 goblins
  5 hobgoblins
  2 kobolds
  2 quokkas (D:2)
  A bat (D:1)
  2 frilled lizards (D:1)
  A rat (D:1)
42 creatures vanquished.

Notes
Turn   | Place    | Note
-------+----------+-------------------------------------------
     0 | D:1      | Gabide the Formicid Berserker began the quest for the Orb.
     0 | D:1      | Reached XP level 1. HP: 18/18 MP: 1/1
   420 | D:1      | Found Zathrug's General Store.
   469 | D:1      | Reached XP level 2. HP: 24/24 MP: 2/2
   955 | D:1      | Reached XP level 3. HP: 10/30 MP: 3/3
  1299 | D:2      | Reached XP level 4. HP: 30/37 MP: 4/4
  1666 | D:2      | Found a faded altar of an unknown god.
  2475 | D:3      | Reached ** piety under Trog
  2834 | D:3      | Noticed Robin
  2880 | D:3      | Slain by Robin

Illustrated notes

Levels and vault maps discovered:
D:1:      ncdulo_smallfort, layout_basic, serial_shops, nicolae_diamond_shop
D:2:      layout_rooms, hellmonk_ecumenical_altar_defaced_shrine
D:3:      layout_loops_ring, kennysheep_generic_room_10, uniq_robin

Skill      XL: |  1  2  3  4 |
---------------+-------------+-----
Dodging        | 2 |  2.4
Fighting       | 4 |  4.4
Maces & Flails | 4 |  4.0
Armour         | |  2.1

Action                   |  1- 3 |  4- 6 || total
-------------------------+-------+-------++-------
Melee: Mace              |    48 |    16 ||    64
       Flail             |       |    82 ||    82
 Abil: Dig               |       |     3 ||     3
  Use: Potion            |       |     1 ||     1
 Stab: Sleeping          |     2 |       ||     2
Armor: Animal skin       |     7 |       ||     7
       Leather armour    |       |    32 ||    32
       Skin              |       |     1 ||     1
Dodge: Dodged            |    41 |    70 ||   111
